 Dungeon Crawl Stone Soup version 0.29.0-4-gdea44cf6ec (webtiles) character file.

Game seed: 12817842125507703407

85 qw the Chopper (level 4, -6/26 HPs)
             Began as a Tengu Warper on Aug 28, 2022.
             Mangled by Ijyb
             ... wielding a +5 club
              (10 damage)
             ... on level 3 of the Dungeon.
             The game lasted 00:00:11 (2706 turns).

qw the Chopper (Tengu Warper)                       Turns: 2706, Time: 00:00:12

Health: -6/26      AC:  3    Str: 14    XL:     4   Next: 48%
Magic:  8/8        EV: 12    Int: 13    God:
Gold:   185        SH:  0    Dex: 19    Spells: 7/7 levels left

rFire   . . .      SeeInvis .   Y - +0 hand axe
rCold   . . .      Faith    .   (no shield)
rNeg    . . .      Spirit   .   b - +0 leather armour
rPois   .          Reflect  .   (helmet restricted)
rElec   .          Harm     .   (no cloak)
rCorr   .          Rampage  .   (no gloves)
Will    .....                   (boots unavailable)
Stlth   +.........              (no amulet)
HPRegen 0.08/turn               c - +6 ring of dexterity
MPRegen 0.11/turn               (no ring)

@: no status effects
A: beak, talons 3
a: no special abilities


You were on level 3 of the Dungeon.
You visited 1 branch of the dungeon, and saw 3 of its levels.

You collected 185 gold pieces.


Innate Abilities, Weirdness & Mutations

You have a beak for a mouth.
You have claws for feet.


   Skills:
 - Level 2.0 Fighting
 + Level 5.0 Axes
 - Level 1.0 Throwing
 - Level 1.1 Armour
 - Level 2.1 Dodging
 - Level 2.0 Spellcasting
 - Level 2.4 Translocations


You had 7 spell levels left.
You didn't know any spells.
Your spell library contained the following spells:

 Spells                   Type           Power      Damage    Failure   Level
 Blink                    Tloc           14%        N/A       19%         2
 Gell's Gravitas          Tloc           7%         N/A       34%         3
 Lesser Beckoning         Tloc           7%         N/A       34%         3
 Teleport Other           Tloc           7%         N/A       34%         3
 Manifold Assault         Tloc           7%         N/A       97%         5

Inventory:

Hand Weapons
 g - a +0 whip
 Y - a +0 hand axe (weapon)
Missiles
 l - a javelin (quivered)
Armour
 a - a +1 leather armour of willpower
 b - a +0 leather armour (worn)
 d - a +0 scale mail
Jewellery
 c - a +6 ring of dexterity (left hand)
Scrolls
 k - a scroll of identify
Potions
 e - 2 potions of haste
 f - a potion of curing
 h - a potion of heal wounds {unknown}
 j - 2 potions of might
 m - a potion of attraction {unknown}

Dungeon Overview and Level Annotations

Branches:
Dungeon (3/15)

Altars:

Annotations:
D:3 Ijyb


Message History

Ijyb the Twisted Goblin comes into view.
She is wielding a +5 club and carrying a wand of paralysis (10).
2692 ||| Stepping ~*~*~tactically~*~*~ (stealth).
The adder closely misses you.
You barely miss the adder. Your peck misses the adder.
The adder is severely wounded.
The adder barely misses you.
You hit the adder.
You kill the adder!
Your Axes skill increases to level 5!
You closely miss Ijyb. You claw Ijyb.
Ijyb is lightly wounded.
Ijyb hits you with a +5 club!
You closely miss Ijyb. Your kick misses Ijyb.
Ijyb is lightly wounded.
Ijyb hits you with a +5 club.
You closely miss Ijyb. You claw Ijyb. Your peck misses Ijyb.
Ijyb is heavily wounded.
Ijyb hits you with a +5 club.
You hit Ijyb but do no damage. You claw Ijyb, but do no damage.
You peck Ijyb, but do no damage.
Ijyb is heavily wounded.
Ijyb completely misses you.
You hit Ijyb but do no damage.
Ijyb is heavily wounded.
Ijyb zaps a wand.
You resist with some effort.
You hit Ijyb. You peck Ijyb, but do no damage.
Ijyb is severely wounded.
Ijyb zaps a wand.
You suddenly lose the ability to move!
Ijyb hits you with a +5 club.
You can move again.
You closely miss Ijyb. Your kick misses Ijyb.
Ijyb is severely wounded.
Ijyb zaps a wand.
You resist with some effort.
You barely miss Ijyb.
Ijyb is severely wounded.
Ijyb zaps a wand.
You resist with some effort.
You hit Ijyb but do no damage.
Ijyb is severely wounded.
Ijyb hits you with a +5 club!
You die...

#.##
#.##......
#..#
#.#######.
##.# #.# ##
#.#### #.# #
##....###.#
#.........#
#.###.#.###
###.###.##.##
..
.......@....#
#
.##.###g###)(#
#.# # ... #.#
#.# #.# #..


You could see Ijyb.

Vanquished Creatures
  4 adders
  4 worms
  An orc (D:3)
  5 bats
  5 endoplasms
  2 giant cockroaches
  2 goblins (D:1)
  2 hobgoblins (D:1)
  2 jackals (D:1)
  4 frilled lizards
  5 kobolds
  4 rats
40 creatures vanquished.

Notes
Turn   | Place    | Note
-------+----------+-------------------------------------------
     0 | D:1      | qw the Tengu Warper began the quest for the Orb.
     0 | D:1      | Reached XP level 1. HP: 12/12 MP: 4/4
     0 | D:1      | 0 ||| qw: Version: 0.1-a-89-g26bdef1
     0 | D:1      | 0 ||| qw: Game counter: 2139
     0 | D:1      | 0 ||| qw: Always use a shield: true
     0 | D:1      | 0 ||| qw: God list: Okawaru
     0 | D:1      | 0 ||| qw: Allow faded altars: false
     0 | D:1      | 0 ||| qw: Do Orc after D:15 true
     0 | D:1      | 0 ||| qw: Do second Lair branch before Depths: true
     0 | D:1      | 0 ||| qw: Lair rune preference: random
     0 | D:1      | 0 ||| qw: Plans: Normal
     0 | D:1      | 0 ||| PLANNING D:1-11
    81 | D:1      | HP: 3/12 [jackal (1)]
    84 | D:1      | Reached XP level 2. HP: 5/17 MP: 6/6
   420 | D:1      | Reached skill level 3 in Axes
  1023 | D:1      | Found a faded altar of an unknown god.
  1188 | D:1      | 1188 ||| READING scroll labelled JIASEN ELOULUGG.
  1189 | D:1      | 1189 ||| DRINKING 2 blue potions.
  1190 | D:1      | 1190 ||| DRINKING 2 purple potions.
  1294 | D:1      | 1294 ||| DROPPING scroll of blinking.
  1295 | D:1      | 1295 ||| DROPPING potion of berserk rage.
  1312 | D:2      | Reached XP level 3. HP: 21/21 MP: 7/7
  1532 | D:2      | Reached skill level 4 in Axes
  1689 | D:2      | 1689 ||| DROPPING +0 club.
  1707 | D:2      | 1707 ||| Stepping ~*~*~tactically~*~*~ (stealth).
  1766 | D:2      | 1766 ||| Stepping ~*~*~tactically~*~*~ (stealth).
  2122 | D:2      | 2122 ||| Stepping ~*~*~tactically~*~*~ (stealth).
  2127 | D:2      | Reached XP level 4. HP: 21/26 MP: 8/8
  2375 | D:2      | 2375 ||| UPGRADING to +6 ring of dexterity.
  2376 | D:2      | 2376 ||| READING scroll labelled IHOERU GERAY.
  2377 | D:2      | 2377 ||| READING scroll labelled VAQOD MAUS.
  2478 | D:2      | 2478 ||| READING scroll labelled ZUBENU ZEUPONE.
  2479 | D:2      | 2479 ||| DRINKING 2 fuming white potions.
  2480 | D:2      | 2480 ||| READING 3 scrolls of identify.
  2480 | D:2      | 2480 ||| IDENTIFYING bubbling golden potion
  2481 | D:2      | 2481 ||| READING 2 scrolls of identify.
  2481 | D:2      | 2481 ||| IDENTIFYING fuming ruby potion
  2482 | D:2      | 2482 ||| DROPPING potion of degeneration.
  2646 | D:3      | 2646 ||| Stepping ~*~*~tactically~*~*~ (stealth).
  2691 | D:3      | Noticed Ijyb
  2692 | D:3      | 2692 ||| Stepping ~*~*~tactically~*~*~ (stealth).
  2696 | D:3      | Reached skill level 5 in Axes
  2702 | D:3      | Paralysed by Ijyb for 2 turns
  2703 | D:3      | HP: 3/26 [Ijyb/+5 club (4)]
  2706 | D:3      | Mangled by Ijyb

Levels and vault maps discovered:
D:1:      lemuel_arrival_river_ford, layout_loops_ring, basic_ecumenical_altar,
          minivault_5
D:2:      layout_loops_cross, minmay_unequal
D:3:      minmay_bubble_buster, layout_loops_ring, uniq_ijyb

Skill      XL: |  1  2  3  4 |
---------------+-------------+-----
Axes           | 3 4 5 |  5.0
Fighting       | |  2.0
Throwing       | |  1.0
Armour         | |  1.1
Dodging        | |  2.1
Spellcasting   | |  2.0
Translocations | |  2.4

Action                   |  1- 3 |  4- 6 || total
-------------------------+-------+-------++-------
Melee: Hand axe          |    69 |    19 ||    88
       Peck              |    11 |     5 ||    16
       Kick              |    14 |     4 ||    18
       Punch             |     1 |       ||     1
Throw: Boomerang         |     7 |       ||     7
       Javelin           |     7 |     8 ||    15
  Use: Potion            |     2 |     1 ||     3
       Scroll            |     1 |     5 ||     6
Armor: Leather armour    |    13 |       ||    13
Dodge: Dodged            |    34 |     5 ||    39

Table legend:
 A = Non-vault XP
 B = Vault XP
 C = Vault XP percentage of total XP
 D = Non-vault monster count
 E = Vault monster count
 F = Vault count percentage of total count
                 A         B        C        D         E       F
            +---------+---------+-------+---------+---------+-------
      Total |     116 |       6 |   4.9 |      38 |       2 |   5.0
            +---------+---------+-------+---------+---------+-------
        D:1 |      23 |       0 |   0.0 |      14 |       0 |   0.0
        D:2 |      66 |       6 |   8.3 |      18 |       2 |  10.0
        D:3 |      27 |       0 |   0.0 |       6 |       0 |   0.0
            +---------+---------+-------+---------+---------+-------
